 Dungeon Crawl Stone Soup version 0.31-a0-986-g5e6e4ef867 (webtiles) character file.

Game seed: 18260311490695542735

534 LeprechaunX the Changeling (level 7, -1/69 HPs)
             Began as an Octopode Shapeshifter on Nov 11, 2023.
             Was an Initiate of Hepliaklqana.
             Slain by a worm (7 damage)
             ... on level 4 of the Dungeon.
             The game lasted 00:05:45 (3171 turns).

LeprechaunX the Changeling (Octopode Shapeshifter)  Turns: 3171, Time: 00:05:45

Health: -1/69      AC: 23    Str: 14    XL:     7   Next: 25%
Magic:  7/7        EV:  2    Int: 12    God:    Hepliaklqana [......]
Gold:   168        SH:  4    Dex: 13    Spells: 6/6 levels left

rFire   . .          .
                       - Unarmed
rCold   . . .        v - +0 buckler
rNeg    . . .        (helmet currently unavailable)
rPois   +            (no amulet)
rElec   .            (no ring)
rCorr   .            (no ring)
SInv    .            (no ring)
Will    .....        (no ring)
Stlth   +            (no ring)
HPRegen 0.31/turn    (no ring)
MPRegen 0.10/turn    (no ring)
                     (no ring)

%: no passive effects
@: lit by a corona, tree-form, glowing
A: stationary, stasis, torment immunity, boosted hp, almost no armour,
(amphibious), 8 rings, (camouflage 1), (gelatinous body 1), (nimble swimmer 1),
(tentacles)
a: Renounce Religion


You were on level 4 of the Dungeon.
You worshipped Hepliaklqana.
Hepliaklqana was noncommittal.
You were a tree.
You visited 1 branch of the dungeon, and saw 4 of its levels.
You also visited: Sewer.

You collected 168 gold pieces.

Inventory:

Hand Weapons
 a - a +0 sling
Missiles
 g - 3 silver javelins
 u - 6 curare-tipped darts
Armour
 v - a +0 buckler (worn)
Talismans
 b - a beast talisman
 c - a flux talisman
Scrolls
 d - a scroll of blinking {unknown}
 e - 3 scrolls of identify {unknown}
 i - a scroll of fog {unknown}
 l - a scroll of amnesia {unknown}
 m - 4 scrolls of noise {unknown}
 s - a scroll of teleportation {unknown}
 t - a scroll of enchant armour {unknown}
Potions
 f - a potion of lignification
 h - a potion of heal wounds {unknown}
 j - a potion of haste {unknown}
 k - a potion of degeneration {unknown}
 n - a potion of experience {unknown}
 o - a potion of invisibility {unknown}
 p - 2 potions of magic {unknown}
 q - a potion of resistance {unknown}
 r - a potion of cancellation {unknown}
 w - a potion of brilliance {unknown}


   Skills:
 + Level 3.2 Fighting
 + Level 2.7 Throwing
 - Level 2.0 Dodging
 + Level 1.3 Shields
 + Level 4.4 Unarmed Combat
 * Level 5.2 Shapeshifting


You had 6 spell levels left.
You didn't know any spells.
Your spell library contained the following spells:

 Spells                   Type           Power      Damage    Failure   Level
 Gell's Gravitas          Tloc           0%         N/A       80%         3
 Inner Flame              Hex/Fire       0%         N/A       80%         3
 Flame Wave               Conj/Fire      0%         2d4       99%         4
 Manifold Assault         Tloc           0%         N/A       99%         4
 Sticky Flame             Conj/Fire      0%         2d3       99%         4
 Dispersal                Tloc           0%         N/A       100%        6
 Malign Gateway           Summ/Tloc      0%         N/A       100%        7


Dungeon Overview and Level Annotations

Branches:
Dungeon (4/15)              Sewer (visited)
 Temple: D:4-7

Altars:
Hepliaklqana
Makhleb
Yredelemnul
The Shining One

Shops:
D:2 *[

Annotations:
D:4 Dowan


Innate Abilities, Weirdness & Mutations

You are a tree.
Your roots penetrate the ground, keeping you stationary.
You cannot be teleported.
You are immune to unholy pain and torment.
Your maximum health is greatly increased.
You cannot wear most types of armour.
((You are amphibious.))
You can wear up to eight rings at the same time.
((Your skin changes colour to match your surroundings (Stealth+).))
((Your rubbery body absorbs attacks. (AC +1, EV +1)))
((You are camouflaged when in or above water. (Stealth+)))
((You have tentacles for arms and can constrict up to eight enemies at once.))


Message History

You tentacle-slap Duvessa.
Duvessa is heavily wounded.
You constrict Duvessa. Duvessa closely misses you.
You tentacle-slap Duvessa. You squeeze Duvessa.
Duvessa is almost dead.
You constrict Duvessa.
Dowan says, "My weaknesses are her strengths!"
Dowan completely misses you. Duvessa hits you with a +0 rapier!
You bludgeon Duvessa!
You kill Duvessa!
Dowan's eyes darken. "You have made a grave mistake."
Dowan seems to find hidden reserves of power!
Dowan hits you with a +0 dagger.
You completely miss Dowan. Your grab misses Dowan.
Dowan breathes, "And she was my only..."
Dowan hits you with a +0 dagger!
* * * LOW HITPOINT WARNING * * *
Dowan gestures at you while chanting. The stone arrow hits you!
* * * LOW HITPOINT WARNING * * *
Your transformation has ended.
You turn into a tree.
Your roots penetrate the ground.
You hear the brisk hiss of an avalanche of sand nearby.
Dowan hits you but does no damage.
You hit Dowan.
Dowan is moderately wounded.
Dowan hits you but does no damage. x2
You smack Dowan!
Dowan is severely wounded.
Dowan says, "How can I live without her?"
Dowan casts a spell.
Dowan blinks!
You swing at nothing.
You swing at nothing.
You block the worm's attack.
You hit the worm.
The worm is lightly wounded.
You hit the worm.
The worm is heavily wounded.
Dowan hits you but does no damage. x2; The worm bites you!
You die...

### ### #####.### #..
..# #.......# #.# #.#
#.......# #.########.#
#.......# #.##...##..#
........#####.##........
#.......#..........##..#
=.....e)#.###.###.###..#
.......♣w.# #.# #.# #..#
.###.###### #.###.###..#
#..........# ####
#######.##.###.## #.)#.
.?#..'..?#.# #..
#...##.##w##...#
#..#..#..#...##
#...##w##$..#
#..#..#...##


You could see Dowan (fast) and a worm.

Vanquished Creatures
  Duvessa (D:4)
  A howler monkey (D:4)
  A hound (D:4)
  5 jellies
  An orc priest (D:4)
  An iguana (D:4)
  An orc wizard (D:4)
  An adder (D:3)
  A river rat (Sewer)
  3 worms
  2 dart slugs
  3 orcs
  11 ball pythons
  10 endoplasms
  8 giant cockroaches
  11 goblins
  8 hobgoblins
  3 jackals (D:1)
  8 kobolds
  2 quokkas
  6 bats
  6 frilled lizards
  9 rats
  A spectral orc (D:3)
104 creatures vanquished.

Notes
Turn   | Place    | Note
-------+----------+-------------------------------------------
     0 | D:1      | LeprechaunX the Octopode Shapeshifter began the quest for
                  | the Orb.
     0 | D:1      | Reached XP level 1. HP: 13/13 MP: 1/1
     2 | D:1      | Noticed an elf
     4 | D:1      | Noticed a draconian
     4 | D:1      | Noticed an ogre
     6 | D:1      | Noticed a troll
     6 | D:1      | Noticed a human
     8 | D:1      | Noticed a felid
     8 | D:1      | Noticed a merfolk
    10 | D:1      | Noticed a minotaur
    10 | D:1      | Noticed an octopode
    12 | D:1      | Noticed a demigod
    12 | D:1      | Noticed a ghoul
    14 | D:1      | Noticed a vine stalker
    14 | D:1      | Noticed an armataur
    16 | D:1      | Noticed a gargoyle
    16 | D:1      | Noticed a meteoran
    18 | D:1      | Noticed a vampire
    20 | D:1      | Noticed a formicid
    22 | D:1      | Noticed a naga
    22 | D:1      | Noticed a demonspawn
    24 | D:1      | Noticed a tengu
    24 | D:1      | Noticed a tengu
    26 | D:1      | Noticed an armataur
    26 | D:1      | Noticed a tengu
   216 | D:1      | Reached XP level 2. HP: 18/18 MP: 2/2
   385 | D:1      | Found a faded altar of an unknown god.
   570 | D:1      | Reached XP level 3. HP: 21/23 MP: 3/3
   765 | D:2      | Identified the "Oleddyo"
   887 | D:2      | Found Mebbuar's Antique Armour Shoppe.
   980 | D:2      | Found Duylokid's Assorted Antiques.
  1493 | D:3      | Found a burning altar of Makhleb.
  1505 | D:3      | Reached XP level 4. HP: 28/29 MP: 4/4
  1663 | D:3      | Reached skill level 1 in Throwing
  1848 | D:3      | Found a glowing drain.
  1852 | Sewer    | Entered a sewer
  1988 | Sewer    | Reached skill level 4 in Shapeshifting
  2020 | Sewer    | Reached XP level 5. HP: 28/34 MP: 5/5
  2055 | Sewer    | Found a viscous altar of Jiyva.
  2247 | Sewer    | Reached XP level 6. HP: 15/41 MP: 6/6
  2446 | D:3      | Found a basalt altar of Yredelemnul.
  2636 | D:3      | Found a glowing golden altar of the Shining One.
  3005 | D:4      | Found a hazy altar of Hepliaklqana.
  3012 | D:4      | Became a worshipper of Hepliaklqana the Forgotten
  3107 | D:4      | Reached skill level 1 in Shields
  3107 | D:4      | Reached skill level 5 in Shapeshifting
  3107 | D:4      | Reached XP level 7. HP: 21/46 MP: 7/7
  3157 | D:4      | Noticed Duvessa
  3157 | D:4      | Noticed Dowan
  3163 | D:4      | Killed Duvessa
  3164 | D:4      | HP: 2/46 [Dowan/stone arrow (10)]
  3171 | D:4      | Slain by a worm

Illustrated notes

Levels and vault maps discovered:
D:1:      kb_arrival_jail, layout_loops_cross,
          shapermc_ecumenical_altar_mp_highgroup
D:2:      layout_basic, serial_shops, shop_fountains,
          nicolae_shop_overgrown_old_shop, minmay_pentomino_v4
D:3:      layout_basic, lemuel_doored_altar,
          mainiacjoe_overflow_small_starburst,
          yredelemnul_forgotten_temple_becter, gup_sewer_entry_spiral,
          chequers_serial_rivers_micro_d, minmay_misc_feat_pillars
D:4:      minmay_razor_zed, layout_loops_ring, nicolae_hepliaklqana_hippocampus,
          nicolae_ossuary_entry_monument, corexii_corridor_pit, uniq_duvessa

Skill      XL: |  1  2  3  4  5  6 |
---------------+-------------------+-----
Throwing       | 1 2 |  2.7
Fighting       | 2 3 |  3.2
Shapeshifting  | 4 5 |  5.2
Unarmed Combat | 4 |  4.4
Shields        | 1 |  1.3
Dodging        | |  2.0

Action                     |  1- 3 |  4- 6 |  7- 9 || total
---------------------------+-------+-------+-------++-------
  Melee: Unarmed           |    85 |   105 |    12 ||   202
         Constrict         |    22 |    23 |     1 ||    46
         Tentacles         |    12 |    24 |     2 ||    38
         Punch             |     2 |     3 |     1 ||     6
   Fire: Sling             |       |    18 |       ||    18
    Use: Potion            |       |       |     1 ||     1
   Stab: Sleeping          |     5 |    13 |       ||    18
 Armour: Skin              |    32 |    36 |    11 ||    79
  Dodge: Dodged            |    47 |    45 |     4 ||    96
  Block: Buckler           |       |     2 |     3 ||     5

Table legend: (Time is in decaauts)
 A = Elapsed time spent in this place.
 B = Non-inter-level travel time spent in this place.
 C = Inter-level travel time spent in this place.
 D = Time resting spent in this place.
 E = Time spent auto-exploring this place.
 F = Levels seen in this place.
 G = Mean time per level.
                   A        B        C        D        E       F      G
               +--------+--------+--------+--------+--------+-----+--------+
         Total |   3162 |   3063 |     99 |    161 |   1990 |   5 |  632.4 |
       Dungeon |   2639 |   2540 |     99 |      0 |   1773 |   4 |  659.8 |
         Sewer |    522 |    522 |      0 |    161 |    217 |   1 |  522.0 |
               +--------+--------+--------+--------+--------+-----+--------+

Top non-repeatable levels by time:
     D:3: 802 daAuts
     D:1: 762 daAuts
     D:2: 715 daAuts
   Sewer: 522 daAuts
     D:4: 359 daAuts
